[Event "Titled Tuesday Blitz August 1 Early 2023"]
[White "Zemlyanskii, Ivan"]
[Black "Perez, Maximiliano"]
[WhiteFideId "24249971"]
[BlackFideId "117234"]
[WhiteElo "2919"]
[BlackElo "2575"]
[Result "0-1"]
[Round "11"]
[TimeControl "180+1"]
[Date "2023.08.01"]
[WhiteClock "0:00:02"]
[BlackClock "0:00:11"]
[Board "26"]

1. d4 Nf6 2. c4 e6 3. Bf4 Bb4+ 4. Nd2 d5 5. a3 Bd6 6. Bg3 O-O 7. Ngf3 b6 8. e3 Bb7 9. cxd5 exd5 10. Rc1 c5 11. Bd3 c4 12. Bb1 Re8 13. O-O Bxg3 14. hxg3 Nbd7 15. Ne1 b5 16. b3 Qb6 17. bxc4 bxc4 18. Bc2 Ba6 19. Nb1 Qa5 20. Nc3 g6 21. Qd2 Rab8 22. Nf3 Rb2 23. Rb1 Reb8 24. Rxb2 Rxb2 25. Rb1 Qxa3 26. Rxb2 Qxb2 27. Ne5 Bb7 28. f3 Qb6 29. Na4 Qd6 30. Qc3 a6 31. Qb2 Bc6 32. Nxc6 Qxc6 33. Nc3 Nb6 34. Qa3 Nfd7 35. Qxa6 Qe6 36. Kf2 Kg7 37. Qa1 h5 38. Qb2 Qf6 39. Ne2 Qc6 40. e4 Nf6 41. e5 Nfd7 42. f4 Nf8 43. Qc3 Ne6 44. Qf3 Nd7 45. f5 gxf5 46. Qxf5 Qb6 47. Qxh5 Kf8 48. Qh6+ Ke7 49. Qh4+ Ke8 50. Bd3 cxd3 51. Qh8+ Ke7 52. Qh4+ Ke8 53. Nc3 Qxd4+ 54. Qxd4 Nxd4 55. Ke3 Nc6 56. Nxd5 Ne7 57. Nf4 Nxe5 58. Nxd3 Nxd3 59. Kxd3 Kf8 60. Ke4 Kg7 61. Kf4 Kg6 62. Kg4 Ng8 63. Kf4 Nf6 64. g4 Nh7 65. Kg3 Ng5 66. Kf4 Ne6+ 67. Ke3 Kg5 68. Kf3 Ng7 69. Kg3 Ne8 70. Kf3 Nf6 0-1


[Site "https://www.chess.com"]

[Event "Titled Tuesday Blitz August 1 Early 2023"]
[White "Galchenko, Matvey"]
[Black "Preotu, Razvan"]
[WhiteFideId "24175480"]
[BlackFideId "2613280"]
[WhiteElo "2875"]
[BlackElo "2720"]
[Result "1/2-1/2"]
[Round "11"]
[TimeControl "180+1"]
[Date "2023.08.01"]
[WhiteClock "0:00:11"]
[BlackClock "0:00:10"]
[Board "27"]

1. f4 d5 2. Nf3 Nf6 3. g3 c6 4. Bg2 Qb6 5. d4 h6 6. O-O Bf5 7. e3 e6 8. c4 c5 9. cxd5 exd5 10. Nc3 cxd4 11. Nxd4 Be4 12. Nxe4 dxe4 13. Qa4+ Nbd7 14. Rd1 Bc5 15. Nf5 g6 16. b4 Qxb4 17. Qxb4 Bxb4 18. Rb1 gxf5 19. Rxb4 Nc5 20. Bh3 Ke7 21. Ba3 b6 22. Bxf5 Rhd8 23. Rbd4 Ke8 24. g4 Rxd4 25. Rxd4 Rd8 26. Bb2 Rxd4 27. Bxd4 Ke7 28. h4 Nd5 29. Kf2 Nb4 30. g5 h5 31. a3 Nc2 32. Bxc5+ bxc5 33. a4 Na3 34. Bxe4 Nc4 35. Ke2 a5 36. Bf3 Nb2 37. Bxh5 Nxa4 38. Kd3 Nb6 39. Bd1 a4 40. e4 c4+ 41. Kc3 a3 42. h5 Kf8 43. h6 Nd7 44. Bc2 Nc5 45. Bb1 Ne6 46. Kxc4 Nxf4 47. e5 Ne6 48. h7 Kg7 49. Kb3 Nxg5 50. Kxa3 Nf3 51. Kb4 Nxe5 52. Kc5 Nd7+ 53. Kd6 Nf8 54. h8=Q+ Kxh8 55. Ke7 Kg7 56. Kd6 Kf6 57. Kd5 Ne6 58. Ke4 Kg5 59. Kf3 Nd4+ 60. Kf2 Kf4 61. Bd3 Nb3 62. Bb1 Nc5 63. Ba2 f6 64. Bb1 Na4 65. Bc2 Nc3 66. Bd3 Ne4+ 67. Ke2 f5 68. Bc2 Kg3 69. Bxe4 fxe4 70. Ke3 Kg4 71. Kxe4 1/2-1/2


[Site "https://www.chess.com"]

[Event "Titled Tuesday Blitz August 1 Early 2023"]
[White "Rahman, Masruri"]
[Black "Do Valle Cardoso, Lucas"]
[WhiteFideId "7101163"]
[BlackFideId "2163144"]
[WhiteElo "2788"]
[BlackElo "2676"]
[Result "1-0"]
[Round "11"]
[TimeControl "180+1"]
[Date "2023.08.01"]
[WhiteClock "0:00:37"]
[BlackClock "0:00:01"]
[Board "28"]

1. d4 d5 2. Bf4 Nf6 3. e3 Bf5 4. c4 c6 5. Nc3 e6 6. Qb3 Qb6 7. c5 Qxb3 8. axb3 Nbd7 9. h3 a6 10. b4 Rc8 11. Nf3 h6 12. Nd2 Be7 13. Nb3 Bd8 14. Bd6 Bc7 15. Bxc7 Rxc7 16. Be2 O-O 17. O-O e5 18. Rfe1 Bc2 19. Na5 Re8 20. Bf1 Nf8 21. Rac1 Bf5 22. Ne2 Bc8 23. dxe5 Rxe5 24. Nd4 Re8 25. Bd3 g6 26. Kh2 Kg7 27. g4 Rce7 28. Kg2 Ne6 29. Nxe6+ fxe6 30. e4 e5 31. Re2 Be6 32. f3 dxe4 33. Bxe4 Bd5 34. Rce1 Nxe4 35. fxe4 Be6 36. Rd2 Rf8 37. Rf1 Rxf1 38. Kxf1 h5 39. Rg2 hxg4 40. hxg4 Rd7 41. Kg1 g5 42. Kh2 Kg6 43. Rf2 Rh7+ 44. Kg3 Rh8 45. Rd2 Bc8 46. Rd6+ Kf7 47. Nxb7 Ke7 48. Na5 Rh4 49. Nxc6+ Kf7 50. Nxe5+ Ke7 51. Ng6+ 1-0


[Site "https://www.chess.com"]

[Event "Titled Tuesday Blitz August 1 Early 2023"]
[White "Manukyan, Sargis A."]
[Black "Krzyzanowski, Marcin"]
[WhiteFideId "13303970"]
[BlackFideId "1132199"]
[WhiteElo "2649"]
[BlackElo "2785"]
[Result "1-0"]
[Round "11"]
[TimeControl "180+1"]
[Date "2023.08.01"]
[WhiteClock "0:02:05"]
[BlackClock "0:00:04"]
[Board "29"]

1. d4 Nf6 2. c4 d6 3. Nf3 g6 4. Nc3 Bf5 5. h3 Bg7 6. Bf4 O-O 7. Nd2 c5 8. d5 Bd7 9. e4 a6 10. a4 e5 11. Be3 Ne8 12. g4 Kh8 13. Bd3 Nf6 14. Qe2 Bc8 15. f3 Nbd7 16. h4 h5 17. Nf1 Nb8 18. Bg5 hxg4 19. h5 Qe8 20. h6 Nh5 21. hxg7+ Kxg7 22. fxg4 f6 23. gxh5 fxg5 24. hxg6 Qxg6 25. Ng3 Rf4 26. Nh5+ Kf8 27. Nxf4 exf4 28. e5 Bf5 29. Bxf5 Qxf5 30. e6 f3 31. Qe4 Qf6 32. O-O-O b5 33. Rdf1 g4 34. Qxg4 1-0


[Site "https://www.chess.com"]

[Event "Titled Tuesday Blitz August 1 Early 2023"]
[White "Ning, Kaiyu"]
[Black "Timerkhanov, Alexander"]
[WhiteFideId "8614750"]
[BlackFideId "24177938"]
[WhiteElo "2764"]
[BlackElo "2646"]
[Result "1-0"]
[Round "11"]
[TimeControl "180+1"]
[Date "2023.08.01"]
[WhiteClock "0:01:05"]
[BlackClock "0:00:07"]
[Board "30"]

1. e4 c5 2. Nf3 a6 3. c4 Nc6 4. d4 cxd4 5. Nxd4 Nf6 6. Nc3 e5 7. Nf5 d5 8. cxd5 Bxf5 9. exf5 Nd4 10. Bd3 Be7 11. O-O O-O 12. Re1 Nxd5 13. Nxd5 Qxd5 14. Qg4 Bf6 15. Be4 Qd7 16. Be3 Rac8 17. Rad1 b5 18. h4 Rfd8 19. h5 Qe7 20. h6 Nc2 21. Bxc2 Rxc2 22. Rxd8+ Qxd8 23. Rd1 Qc8 24. Rd6 Rc4 25. Qg3 Kf8 26. hxg7+ Bxg7 27. f6 Bxf6 28. Rxf6 Qc7 29. Rf5 e4 30. Qxc7 Rxc7 31. Rc5 Rd7 32. Rc1 Ke7 33. Kf1 Ke6 34. Ke2 Ke5 35. Rc5+ 1-0


[Site "https://www.chess.com"]

[Event "Titled Tuesday Blitz August 1 Early 2023"]
[White "Mikhailovsky, Vladimir"]
[Black "Sipila, Vilka"]
[WhiteFideId "34105414"]
[BlackFideId "505455"]
[WhiteElo "2751"]
[BlackElo "2643"]
[Result "1-0"]
[Round "11"]
[TimeControl "180+1"]
[Date "2023.08.01"]
[WhiteClock "0:00:37"]
[BlackClock "0:01:18"]
[Board "31"]

1. e4 c5 2. Nf3 e6 3. b3 Nf6 4. e5 Nd5 5. Bb2 Nc6 6. Nc3 Nxc3 7. Bxc3 d5 8. exd6 Qxd6 9. g3 Nd4 10. Bg2 Be7 11. O-O O-O 12. Re1 Bf6 13. Nxd4 cxd4 14. Bb2 Rb8 15. c4 b6 16. d3 Bb7 17. Bxb7 Rxb7 18. Qf3 Rc7 19. Bc1 b5 20. Bf4 e5 21. Bd2 bxc4 22. bxc4 Qa3 23. Reb1 a5 24. Rb3 Qe7 25. Bxa5 e4 26. dxe4 Rxc4 27. Qd3 Rfc8 28. Qxc4 1-0


[Site "https://www.chess.com"]

[Event "Titled Tuesday Blitz August 1 Early 2023"]
[White "Fantastic_Power"]
[Black "Pham, Le Thao Nguyen"]
[BlackFideId "12401226"]
[WhiteElo "2749"]
[BlackElo "2626"]
[Result "1-0"]
[Round "11"]
[TimeControl "180+1"]
[Date "2023.08.01"]
[WhiteClock "0:00:04"]
[BlackClock "0:00:00"]
[Board "32"]

1. e4 c6 2. d4 d5 3. e5 Bf5 4. h4 h5 5. c4 e6 6. Nc3 Nd7 7. cxd5 cxd5 8. Bd3 Bxd3 9. Qxd3 Nh6 10. Nge2 a6 11. Bxh6 Rxh6 12. g3 Qb6 13. O-O Be7 14. Rac1 g5 15. hxg5 Bxg5 16. f4 Be7 17. f5 Bg5 18. fxe6 fxe6 19. Nf4 Bxf4 20. Rxf4 Ke7 21. Rcf1 Rg8 22. Kh2 Kd8 23. b3 Qb4 24. Ne2 Qe7 25. Rh4 Rg4 26. Rf4 Qg7 27. Qe3 Rg5 28. Ng1 Rhg6 29. Rf3 Rg4 30. Rxh5 Re4 31. Qf2 Kc7 32. Rf7 Qg8 33. Rhh7 1-0


[Site "https://www.chess.com"]

[Event "Titled Tuesday Blitz August 1 Early 2023"]
[White "Jain Kashish Manoj"]
[Black "Weetik, Vjacheslav"]
[WhiteFideId "35081098"]
[BlackFideId "4153472"]
[WhiteElo "2614"]
[BlackElo "2742"]
[Result "1-0"]
[Round "11"]
[TimeControl "180+1"]
[Date "2023.08.01"]
[WhiteClock "0:00:09"]
[BlackClock "0:00:12"]
[Board "33"]

1. e4 c6 2. d4 d5 3. e5 Bf5 4. Nf3 e6 5. Be2 Nd7 6. O-O Bg6 7. Nbd2 Ne7 8. Nh4 Nf5 9. Nxg6 hxg6 10. Nf3 Qb6 11. c3 c5 12. Rb1 cxd4 13. cxd4 f6 14. Qa4 Qb4 15. Bb5 Qxa4 16. Bxa4 a6 17. Re1 b5 18. Bc2 Kf7 19. g3 Rc8 20. Bd3 Bb4 21. Re2 Rc7 22. h4 Rhc8 23. Bf4 Rc6 24. g4 Ne7 25. exf6 gxf6 26. g5 Bd6 27. Bd2 f5 28. Rbe1 Bb8 29. b3 Re8 30. Kg2 Nc8 31. h5 Nf8 32. Nh4 Re7 33. Bb4 Bd6 34. Bxd6 Rxd6 35. Kg3 gxh5 36. Rc2 Na7 37. Be2 Nc6 38. Bxh5+ Kg7 39. Rxc6 Rxc6 40. Nxf5+ exf5 41. Rxe7+ Kg8 42. Bf7+ Kh8 43. Bxd5 Rd6 44. Bb7 Ng6 45. Rc7 Rxd4 46. Bxa6 Rd3+ 47. f3 Ne5 48. Bxb5 Rxf3+ 49. Kg2 Rf4 50. Bc4 Rg4+ 51. Kf2 Rxg5 52. a4 f4 53. a5 Rh5 54. a6 Rh2+ 55. Kg1 Nf3+ 56. Kf1 Nd2+ 57. Ke1 Nf3+ 58. Kd1 Ra2 59. a7 Ne5 60. Bd5 f3 61. Bxf3 Nxf3 62. Rc8+ Kg7 63. a8=Q Rxa8 64. Rxa8 Nd4 65. b4 Kf6 66. Rc8 Ke5 67. Kd2 Kd6 68. Kc3 Nb5+ 69. Kc4 Na3+ 70. Kb3 Nb5 71. Ka4 Na7 72. Ra8 Nc6 73. b5 Ne5 74. Rc8 Kd7 75. Rc1 Kd6 76. b6 Nd7 77. Ka5 1-0


[Site "https://www.chess.com"]

[Event "Titled Tuesday Blitz August 1 Early 2023"]
[White "Lana Rodriguez, David"]
[Black "Khachiyan, Melikset"]
[WhiteFideId "2270803"]
[BlackFideId "13300512"]
[WhiteElo "2610"]
[BlackElo "2735"]
[Result "1/2-1/2"]
[Round "11"]
[TimeControl "180+1"]
[Date "2023.08.01"]
[WhiteClock "0:00:12"]
[BlackClock "0:00:23"]
[Board "34"]

1. e4 e5 2. Nf3 Nc6 3. Bb5 f5 4. d3 fxe4 5. dxe4 Nf6 6. O-O Bc5 7. Bg5 d6 8. Nc3 O-O 9. Nd5 Kh8 10. Nh4 Nd4 11. Bd3 Ne6 12. Bxf6 gxf6 13. Qh5 Rg8 14. Qf7 c6 15. Qxf6+ Qxf6 16. Nxf6 Rf8 17. Nh5 Nf4 18. Nxf4 Rxf4 19. g3 Rxh4 20. gxh4 Bh3 21. Kh1 Bxf1 22. Rxf1 Rf8 23. Kg2 Kg7 24. Kg3 Rf4 25. f3 h5 26. Be2 Kh6 27. Rd1 Rf6 28. a3 a5 29. c3 Rg6+ 30. Kh3 Bf2 31. Rf1 Be3 32. b4 Bd2 33. bxa5 Bxc3 34. a6 bxa6 35. Rc1 Bb2 36. Rxc6 Bxa3 37. Rxa6 Bc5 38. Ra8 Kg7 39. Bc4 Rf6 40. Be2 Be3 41. Rc8 Bf4 42. Rc7+ Rf7 43. Rxf7+ Kxf7 44. Bc4+ Kf6 45. Bd5 Kg6 46. Bc6 Kh6 47. Be8 Be3 48. Kg2 Bf4 49. Kh3 Be3 50. Bf7 Bf2 51. Bd5 Be1 52. Kg2 Bxh4 53. Kh3 Bg5 54. Kg2 Bf4 55. Be6 Kg5 56. Bd5 Bd2 57. Be6 h4 58. Bd5 Kf4 59. h3 Be1 60. Be6 Bg3 61. Bd5 Ke3 62. Be6 Bf4 63. Bd5 Kd4 64. Be6 Ke3 65. Bd5 Kd4 1/2-1/2


[Site "https://www.chess.com"]

[Event "Titled Tuesday Blitz August 1 Early 2023"]
[White "Skvortsov, Andrei"]
[Black "Cnejev, Vladimir-Alexandru"]
[WhiteFideId "24108600"]
[BlackFideId "1260898"]
[WhiteElo "2727"]
[BlackElo "2586"]
[Result "1-0"]
[Round "11"]
[TimeControl "180+1"]
[Date "2023.08.01"]
[WhiteClock "0:01:28"]
[BlackClock "0:00:01"]
[Board "35"]

1. e4 g6 2. Nf3 Bg7 3. d4 d6 4. Bc4 a6 5. c3 b5 6. Bd5 c6 7. Bb3 Bb7 8. O-O Nf6 9. e5 dxe5 10. Nxe5 O-O 11. Qf3 Qc7 12. Qh3 c5 13. Bf4 Nh5 14. Be3 c4 15. Bd1 Bxe5 16. dxe5 Qxe5 17. Bd4 Qg5 18. Be3 Nf4 19. Qg3 Qxg3 20. hxg3 Nd5 21. Bh6 Rd8 22. Bf3 Nd7 23. Nd2 Ne5 24. Be2 f6 25. Nf3 Nf7 26. Bc1 e5 27. a4 f5 28. Ng5 Nxg5 29. Bxg5 Rdc8 30. axb5 axb5 31. Rfe1 Kf7 32. Bf1 Ke6 33. Bd2 Rxa1 34. Rxa1 Ra8 35. Rxa8 Bxa8 36. f3 Nb6 37. Kf2 Na4 38. Bc1 Bc6 39. Ke1 h6 40. Be2 g5 41. Bd1 Nc5 42. Bc2 f4 43. gxf4 exf4 44. Ke2 Ke5 45. Bd2 Bd7 46. Be1 Bf5 47. Bf2 Ne6 48. Bd1 Bd3+ 49. Kd2 Kd5 50. g4 Ng7 51. Bd4 Ne6 52. Bf6 Nd8 53. Bxd8 1-0


[Site "https://www.chess.com"]

[Event "Titled Tuesday Blitz August 1 Early 2023"]
[White "Amilal Munkhdalai"]
[Black "Al-Tarboush, Ward"]
[WhiteFideId "4903250"]
[BlackFideId "7601450"]
[WhiteElo "2727"]
[BlackElo "2559"]
[Result "1-0"]
[Round "11"]
[TimeControl "180+1"]
[Date "2023.08.01"]
[WhiteClock "0:00:29"]
[BlackClock "0:00:00"]
[Board "36"]

1. e4 c5 2. Nf3 Nc6 3. d4 cxd4 4. Nxd4 Nf6 5. Nc3 e5 6. Ndb5 d6 7. Bg5 a6 8. Na3 b5 9. Nd5 Be7 10. Bxf6 Bxf6 11. c3 Bg5 12. Bd3 O-O 13. Nc2 Rb8 14. O-O a5 15. a4 b4 16. cxb4 axb4 17. Bb5 Bd7 18. b3 Kh8 19. Qd3 f5 20. Ncxb4 Nxb4 21. Nxb4 Bxb5 22. axb5 fxe4 23. Qd5 Qb6 24. Nc6 Qxb5 25. Qxd6 Rbe8 26. Ra5 Qb6 27. Rxe5 Bf4 28. Qd5 Bxe5 29. Nxe5 Qc7 30. Nc4 h6 31. h4 Qf4 32. g3 Qf3 33. Qd6 e3 34. Ne5 exf2+ 35. Kh2 Qe4 36. Ng6+ Kh7 37. Nxf8+ Kg8 38. Rxf2 1-0


[Site "https://www.chess.com"]

[Event "Titled Tuesday Blitz August 1 Early 2023"]
[White "Koellner, Ruben Gideon"]
[Black "Bazilius, Augustinas"]
[WhiteFideId "12993093"]
[BlackFideId "12832251"]
[WhiteElo "2725"]
[BlackElo "2453"]
[Result "1-0"]
[Round "11"]
[TimeControl "180+1"]
[Date "2023.08.01"]
[WhiteClock "0:00:46"]
[BlackClock "0:00:02"]
[Board "37"]

1. d4 Nf6 2. Nf3 g6 3. Nbd2 d5 4. e3 Bg7 5. b4 O-O 6. c4 dxc4 7. Bxc4 b6 8. Bb2 Bb7 9. O-O Ne4 10. Nxe4 Bxe4 11. b5 c6 12. a4 a6 13. Nd2 Bd5 14. Bxd5 cxd5 15. bxa6 Rxa6 16. Qb3 Nd7 17. Qxd5 Nf6 18. Qxd8 Rxd8 19. Ra2 Rda8 20. Rfa1 Nd5 21. a5 Rxa5 22. Rxa5 Rxa5 23. Rxa5 bxa5 24. Kf1 f5 25. Nc4 a4 26. Ke2 Kf7 27. Kd3 Nb4+ 28. Kc3 Nd5+ 29. Kc2 Nb4+ 30. Kd2 g5 31. Nb6 e6 32. Nxa4 Nd5 33. Ba3 Nf6 34. Ke2 f4 35. Bd6 fxe3 36. fxe3 Ne4 37. Bb4 h5 38. Nc5 Nxc5 39. Bxc5 Bf6 40. Kd3 Bd8 41. Bd6 Ke8 42. Ke4 Kf7 43. h3 Ba5 44. Be5 Bc3 45. Bc7 Ba1 46. Bd8 g4 47. hxg4 hxg4 48. Kf4 Bc3 49. Kxg4 Ke8 50. Bf6 Kf7 51. Be5 Bd2 52. Kf3 Be1 53. g4 Bh4 54. Ke4 Bg5 55. Bf4 Bf6 56. Kd3 Be7 57. e4 Kf6 58. d5 exd5 59. exd5 Kf7 60. Ke4 Kf6 61. d6 Bd8 62. Kd5 Kf7 63. Be5 Kg6 64. Bf4 Kf6 65. Be3 Kf7 66. Ke5 Ke8 67. Ke6 Bh4 68. d7+ Kd8 69. Bb6# 1-0


[Site "https://www.chess.com"]

[Event "Titled Tuesday Blitz August 1 Early 2023"]
[White "Ashraf, Artin"]
[Black "Ibadov, Dashgyn"]
[WhiteFideId "22514805"]
[BlackFideId "24107514"]
[WhiteElo "2833"]
[BlackElo "2565"]
[Result "0-1"]
[Round "11"]
[TimeControl "180+1"]
[Date "2023.08.01"]
[WhiteClock "0:00:00"]
[BlackClock "0:00:19"]
[Board "38"]

1. d4 Nf6 2. Nc3 d5 3. Bf4 a6 4. e3 e6 5. Nf3 c5 6. Bd3 Nc6 7. O-O c4 8. Be2 b5 9. Ne5 Bb7 10. Nb1 Nd7 11. Nxc6 Bxc6 12. Nd2 Be7 13. Nf3 O-O 14. c3 f6 15. Nd2 e5 16. Bg3 e4 17. b3 f5 18. a4 g5 19. f4 g4 20. h3 gxh3 21. gxh3 Kh8 22. Kh2 bxa4 23. bxc4 dxc4 24. Nxc4 Nf6 25. Ne5 Be8 26. c4 Rg8 27. Bh4 Ng4+ 28. hxg4 Bxh4 29. Rg1 Bf2 30. Rg3 fxg4 31. Kg2 Qh4 32. Kxf2 Qh2+ 33. Ke1 Qxg3+ 34. Kd2 Rb8 35. Qc2 Rb3 36. Qxe4 Rb2+ 37. Kc3 Rxe2 38. Ng6+ hxg6 39. Rh1+ Rh2 40. Qe5+ Kh7 0-1


[Site "https://www.chess.com"]

[Event "Titled Tuesday Blitz August 1 Early 2023"]
[White "vishwa_vijeta"]
[Black "Sychev, Klementy"]
[BlackFideId "4114060"]
[WhiteElo "2597"]
[BlackElo "2787"]
[Result "0-1"]
[Round "11"]
[TimeControl "180+1"]
[Date "2023.08.01"]
[WhiteClock "0:00:15"]
[BlackClock "0:00:34"]
[Board "39"]

1. e4 e5 2. Nf3 Nc6 3. d4 exd4 4. Nxd4 Nf6 5. Nxc6 bxc6 6. e5 Qe7 7. Qe2 Nd5 8. h4 Qe6 9. c4 Nb6 10. Nc3 Bb4 11. Bd2 Ba6 12. b3 O-O 13. a3 Bc5 14. g3 Rae8 15. f4 d5 16. cxd5 Qg6 17. Qf3 Bxf1 18. Kxf1 Qc2 19. b4 Nc4 20. Ne4 cxd5 21. Rh2 dxe4 22. Qe2 Rd8 23. bxc5 Rxd2 24. Qxd2 Nxd2+ 25. Rxd2 Qxd2 26. Rd1 Qxd1+ 27. Kg2 Qf3+ 28. Kh3 h5 29. e6 Qh1# 0-1


[Site "https://www.chess.com"]

[Event "Titled Tuesday Blitz August 1 Early 2023"]
[White "Wagh Suyog"]
[Black "Saya, Ethan"]
[WhiteFideId "25071688"]
[BlackFideId "26095181"]
[WhiteElo "2763"]
[BlackElo "2595"]
[Result "0-1"]
[Round "11"]
[TimeControl "180+1"]
[Date "2023.08.01"]
[WhiteClock "0:00:11"]
[BlackClock "0:00:06"]
[Board "40"]

1. e4 e6 2. d4 d5 3. Nc3 Nf6 4. e5 Nfd7 5. f4 c5 6. Nce2 Nc6 7. Nf3 a5 8. g3 a4 9. a3 Qb6 10. c3 Na5 11. Bg2 Nb3 12. Rb1 Qb5 13. Be3 b6 14. Bf1 Qc6 15. h4 Ba6 16. h5 h6 17. Kf2 Be7 18. Kg2 Qc7 19. g4 Rc8 20. Ng3 Bxf1+ 21. Rxf1 cxd4 22. Nxd4 Ndc5 23. Qe2 Nxd4 24. Bxd4 Nb3 25. Qb5+ Qc6 26. Qxb6 Qxb6 27. Bxb6 Nd2 28. Bd4 Kd7 29. Kf2 Rb8 30. Ke2 Nxf1 31. Nxf1 Bxa3 32. Ra1 Be7 33. Ra2 Rb7 34. Kd3 Rhb8 35. Kc2 a3 36. b4 Rc8 37. Kb3 Rc4 38. Ne3 Rxd4 39. cxd4 Rxb4+ 40. Kc3 Rb1 41. f5 Rg1 42. Kd3 Rg3 43. Ke2 Bg5 44. Rxa3 Bxe3 45. Rxe3 Rxg4 46. fxe6+ Kxe6 47. Kd3 Rg5 48. Re1 Rxh5 49. Ra1 Rh3+ 50. Ke2 Kf5 51. Ra7 Ke4 52. Rxf7 Kxd4 53. Rxg7 Re3+ 54. Kd2 Rxe5 55. Rh7 h5 56. Rh6 Rg5 57. Ke2 Rg2+ 58. Kf3 Rg5 59. Kf4 Re5 60. Rh8 h4 61. Ra8 Re4+ 62. Kf3 Ke5 63. Re8+ Kf5 64. Rf8+ Ke5 65. Ra8 Rb4 66. Re8+ Kd4 67. Ke2 Rb2+ 68. Kd1 Rh2 69. Rh8 Kd3 70. Ke1 d4 71. Kf1 Rh1+ 72. Kg2 Re1 73. Rxh4 Re2+ 74. Kf1 Re8 75. Rh7 Kc3 76. Rc7+ Kd2 77. Rd7 d3 78. Kf2 Kc2 79. Rc7+ Kd1 80. Rc6 d2 81. Kf1 Re5 82. Rf6 Kc2 83. Rc6+ Kd3 84. Rd6+ Kc3 85. Rc6+ Kd3 86. Rd6+ Kc2 87. Rc6+ Kd1 88. Rc7 Rf5+ 89. Kg2 Ke2 90. Re7+ Kd3 91. Rd7+ Ke3 92. Kg3 Rf1 93. Re7+ Kd3 94. Rd7+ Kc2 95. Rc7+ Kb3 96. Rb7+ Ka4 97. Rd7 d1=Q 0-1


[Site "https://www.chess.com"]

[Event "Titled Tuesday Blitz August 1 Early 2023"]
[White "djokovic74"]
[Black "Omorjan, Dejan"]
[BlackFideId "955345"]
[WhiteElo "2752"]
[BlackElo "2593"]
[Result "0-1"]
[Round "11"]
[TimeControl "180+1"]
[Date "2023.08.01"]
[WhiteClock "0:00:08"]
[BlackClock "0:00:04"]
[Board "41"]

1. e4 c6 2. Nf3 d5 3. Nc3 dxe4 4. Nxe4 Nf6 5. Qe2 Na6 6. d4 Nxe4 7. Qxe4 Qd5 8. Qxd5 cxd5 9. c3 f6 10. Bd3 Kf7 11. Bf4 e6 12. h4 h5 13. Kd2 Bd7 14. Rae1 Nb8 15. Kc1 Nc6 16. Kb1 a6 17. c4 Nb4 18. Be2 dxc4 19. Bxc4 Rc8 20. Rc1 Be7 21. a3 Nd5 22. Bg3 Bc6 23. Rhe1 Rhd8 24. Re2 Bd6 25. Bxd5 exd5 26. Bxd6 Rxd6 27. Rce1 Rc7 28. Re3 Bb5 29. Nd2 a5 30. Nf3 Rb6 31. Ng1 Ba4 32. R3e2 Bb3 33. Nh3 Rbc6 34. Nf4 Bc2+ 35. Ka1 Bb3 36. Ne6 Rc1+ 37. Rxc1 Rxc1# 0-1


[Site "https://www.chess.com"]

[Event "Titled Tuesday Blitz August 1 Early 2023"]
[White "Ahmad, Khagan"]
[Black "Djordjevic, Vuk"]
[WhiteFideId "13431552"]
[BlackFideId "902098"]
[WhiteElo "2581"]
[BlackElo "2744"]
[Result "1-0"]
[Round "11"]
[TimeControl "180+1"]
[Date "2023.08.01"]
[WhiteClock "0:00:06"]
[BlackClock "0:00:04"]
[Board "42"]

1. c4 e5 2. Nc3 Nc6 3. Nf3 g6 4. e3 Bg7 5. d4 exd4 6. exd4 Nge7 7. d5 Ne5 8. Nxe5 Bxe5 9. Be2 O-O 10. Bg5 d6 11. O-O Re8 12. Ne4 Kg7 13. f4 f6 14. fxe5 fxg5 15. e6 Nf5 16. Rxf5 gxf5 17. Qd4+ Kh6 18. Ng3 Rf8 19. Bd3 c5 20. Nxf5+ Rxf5 21. Qe4 Qf6 22. Qxf5 Qxf5 23. Bxf5 b5 24. Re1 bxc4 25. e7 Bxf5 26. e8=Q Rxe8 27. Rxe8 Kg6 28. Rd8 Kf6 29. Rxd6+ Ke5 30. Ra6 Kxd5 31. Rxa7 Kd4 32. Kf2 c3 33. bxc3+ Kxc3 34. Ke3 Kb4 35. a4 c4 36. Kd4 Bd3 37. a5 Kb5 38. Kc3 Be4 39. Re7 Bxg2 40. Re5+ Ka6 41. Rxg5 Bf1 42. Rh5 Bd3 43. h4 Bg6 44. Rc5 Bd3 45. Kb4 Be2 46. Rc6+ Kb7 47. Rh6 Bd3 48. Kc5 Ka7 49. Kb4 Kb7 50. Rf6 Ka7 51. h5 Kb7 52. h6 Ka7 53. Rf7+ Ka6 54. Rg7 Bf5 55. Kxc4 Bb1 56. Kb4 Bc2 57. Re7 Bb1 58. Re6+ Ka7 59. Kc5 Bd3 60. Rd6 Bc2 61. Kd5 Kb7 62. Ke5 Kc7 63. a6 Kb8 64. Kf6 Ka7 65. Kg7 Bb1 66. Rc6 Be4 67. Re6 Bf5 68. Rf6 Bd3 69. Rf8 Kxa6 70. Rh8 Kb6 71. Rxh7 Kc6 72. Rh8 Kd6 73. Rf8 1-0


[Site "https://www.chess.com"]

[Event "Titled Tuesday Blitz August 1 Early 2023"]
[White "Matinian, Nikita"]
[Black "Demin, Vladimir"]
[WhiteFideId "24129100"]
[BlackFideId "4167457"]
[WhiteElo "2742"]
[BlackElo "2569"]
[Result "1/2-1/2"]
[Round "11"]
[TimeControl "180+1"]
[Date "2023.08.01"]
[WhiteClock "0:00:04"]
[BlackClock "0:00:06"]
[Board "43"]

1. e4 e5 2. Nf3 Nc6 3. Bb5 a6 4. Ba4 Bc5 5. c3 Nge7 6. d4 exd4 7. cxd4 Bb4+ 8. Bd2 Bxd2+ 9. Nbxd2 d5 10. e5 Bg4 11. h3 Bh5 12. Bxc6+ Nxc6 13. g4 Bg6 14. Rc1 O-O 15. Qb3 Rb8 16. O-O f6 17. e6 Qd6 18. Rfe1 Rfe8 19. Rc5 Nxd4 20. Qxd5 Qxd5 21. Rxd5 Nxe6 22. Kh2 Bf7 23. Kg3 Rbd8 24. Rxd8 Rxd8 25. Ne4 Kf8 26. Re3 c5 27. a3 b5 28. Nh4 c4 29. Nf5 Nd4 30. f3 Nxf5+ 31. gxf5 Rd5 32. Kf4 Be8 33. Nc3 Rd4+ 34. Re4 Rxe4+ 35. fxe4 Bc6 36. Ne2 Ke7 37. Nd4 Bd7 38. h4 g6 39. Ne2 Kd6 40. Nc3 Bc6 41. Nd1 Kc5 42. Ne3 Kd4 43. Nc2+ Kc5 44. Ne3 Kd6 45. Ng4 Ke7 46. fxg6 hxg6 47. e5 fxe5+ 48. Kxe5 Be8 49. Ne3 Bf7 50. Nc2 a5 51. Nd4 Be8 52. Kd5 Kf6 53. Kc5 b4 54. axb4 axb4 55. Kxc4 Ke5 56. Ne2 Ke4 57. Kxb4 Kf3 58. Nd4+ Kg4 59. Kc5 Kxh4 60. b4 g5 61. Nf3+ Kg4 62. Nxg5 Kxg5 63. b5 Bxb5 1/2-1/2


[Site "https://www.chess.com"]

[Event "Titled Tuesday Blitz August 1 Early 2023"]
[White "Starozhilov, Leonid"]
[Black "Postlmayer, Jakob"]
[WhiteFideId "14106752"]
[BlackFideId "1643622"]
[WhiteElo "2738"]
[BlackElo "2561"]
[Result "0-1"]
[Round "11"]
[TimeControl "180+1"]
[Date "2023.08.01"]
[WhiteClock "0:00:00"]
[BlackClock "0:01:02"]
[Board "44"]

1. e4 c6 2. Nc3 d5 3. Nf3 dxe4 4. Nxe4 Nf6 5. Qe2 Nxe4 6. Qxe4 Nd7 7. Bc4 Nf6 8. Ne5 e6 9. Qe2 b5 10. Bb3 Qc7 11. d4 Bd6 12. Bg5 Nd5 13. Bxd5 cxd5 14. Qxb5+ Kf8 15. Be3 f6 16. Nf3 Rb8 17. Qd3 Rxb2 18. Rc1 Qa5+ 19. Bd2 Qa6 20. Qc3 Rxa2 21. h4 Kf7 22. h5 Bd7 23. h6 g6 24. Rh4 Rc8 25. Qb3 Ra1 26. g4 Rxc1+ 27. Bxc1 Qa5+ 28. Kd1 Ba4 29. Qb7+ Rc7 30. Qa8 Bxc2+ 31. Ke2 Qa6+ 32. Ke1 Rc8 0-1


[Site "https://www.chess.com"]

[Event "Titled Tuesday Blitz August 1 Early 2023"]
[White "Heinemann, Josefine"]
[Black "Xu, Yi"]
[WhiteFideId "12900460"]
[BlackFideId "8605564"]
[WhiteElo "2552"]
[BlackElo "2729"]
[Result "1-0"]
[Round "11"]
[TimeControl "180+1"]
[Date "2023.08.01"]
[WhiteClock "0:00:14"]
[BlackClock "0:00:00"]
[Board "45"]

1. e4 c5 2. c3 Nf6 3. e5 Nd5 4. Nf3 d6 5. Bb5+ Bd7 6. Bc4 Bc6 7. d4 e6 8. O-O Be7 9. Bb3 O-O 10. c4 Nb6 11. d5 exd5 12. cxd5 Bd7 13. e6 fxe6 14. dxe6 Bc6 15. Nfd2 d5 16. Nc3 Qd6 17. Re1 Na6 18. Qh5 Rf6 19. Bc2 Rh6 20. Qf7+ Kh8 21. Nf3 Rf8 22. Ne5 Be8 23. Qxe8 Rxe8 24. Nf7+ Kg8 25. Nxd6 Bxd6 26. Bxh6 gxh6 27. Rad1 d4 28. Nb5 Bb8 29. Be4 Re7 30. a3 Kf8 31. b4 cxb4 32. axb4 Nc7 33. Nxc7 Bxc7 34. Bxb7 Bd6 35. Rxd4 Bc7 36. Bf3 Ke8 37. g3 a6 38. Kg2 Nc8 39. h4 Nd6 40. Bc6+ Kf8 41. f4 Kg7 42. g4 Kf6 43. f5 Bb8 44. Kf3 Rc7 45. Be4 Rc3+ 46. Kg2 Ba7 47. Rxd6 1-0


[Site "https://www.chess.com"]